 Dungeon Crawl Stone Soup version 0.18-a0-824-g47fe746 (webtiles) character file.

71 root the Skirmisher (level 4, 0/61 HPs)
             Began as a Hill Orc Abyssal Knight on Dec 17, 2015.
             Was a Believer of Lugonu.
             Slain by an iguana (2 damage)
             ... on level 4 of the Dungeon.
             The game lasted 00:09:20 (1846 turns).

root the Skirmisher (Hill Orc Abyssal Knight)       Turns: 1846, Time: 00:09:22

Health: 0/61       AC: 22    Str: 14    XL:     4   Next: 24%
Magic:  0/6        EV:  2    Int: 10    God:    Lugonu [**....]
Gold:   78         SH:  0    Dex: 11    Spells: 0 memorised, 3 levels left

rFire  . . .     SeeInvis .     a - +1 hand axe
rCold  . . .     Gourm    .     (armour currently unavailable)
rNeg   + + +     Faith    .     (no shield)
rPois  +         Spirit   +     (helmet currently unavailable)
rElec  .         Dismiss  .     (cloak currently unavailable)
rCorr  .         Reflect  .     (gloves currently unavailable)
SustAt .         Harm     .     (boots currently unavailable)
MR     .....     NoTele   +     m - amulet of guardian spirit
Stlth  +.........               (no ring)
                                (no ring)

@: tree-form, not resistant to hostile enchantments, very unstealthy
A: dopey 1
a: Depart the Abyss, Bend Space, Renounce Religion


You were on level 4 of the Dungeon.
You worshipped Lugonu.
Lugonu was pleased with you.
You were hungry.
You were a tree.
You visited 1 branch of the dungeon, and saw 4 of its levels.
You visited the Abyss 1 time.

You collected 78 gold pieces.

Inventory:

Hand Weapons
 a - a +1 hand axe (weapon)
Missiles
 d - 26 poisoned needles
Armour
 i - a +0 scale mail (melded)
Jewellery
 m - an amulet of guardian spirit (around neck)
Scrolls
 e - 3 scrolls of blinking {unknown}
 f - 2 scrolls of remove curse {unknown}
 h - a scroll of amnesia {unknown}
 k - a scroll of noise {unknown}
 l - a scroll of immolation {unknown}
 n - a scroll of identify {unknown}
Potions
 g - a potion of mutation {unknown}
 o - a potion of curing {unknown}
Comestibles
 c - a bread ration
 j - 3 beef jerkies


   Skills:
 + Level 4.6 Fighting
 + Level 3.1 Axes
 + Level 3.0 Armour
 - Level 0.7 Dodging
 + Level 3.5 Invocations


You had 3 spell levels left.
You didn't know any spells.

Dungeon Overview and Level Annotations

Branches:
Dungeon (4/15)
 Temple: D:4-7

Altars:
Elyvilon
Okawaru
Yredelemnul

Annotations:
D:3 Sigmund


Innate Abilities, Weirdness & Mutations

You are dopey. (Int -2)


Message History

The orc wizard hits you but does no damage.
The iguana bites you.
* * * LOW HITPOINT WARNING * * *
The orc wizard hits you but does no damage.
The iguana bites you but does no damage.
You miss the orc wizard.
The orc wizard is severely wounded.
You barely miss the iguana.
The iguana is heavily wounded.
The orc wizard hits you but does no damage.
The iguana bites you.
* * * LOW HITPOINT WARNING * * *
You closely miss the orc wizard.
The orc wizard is severely wounded.
You barely miss the iguana.
The iguana is heavily wounded.
The orc wizard hits you but does no damage. x2
The orc wizard gestures wildly while chanting.
The orc wizard blinks!
The iguana bites you.
You die...

.....
....##
....#
....# #
#.#.# .#.
#.#.# ....
#<#.#.....
#....§....
#.♣#......
##lo.....?
...#.....
##... ....
#..#. ###
...#.#
#.## . ...
.#


You could see an iguana and an orc wizard.

Vanquished Creatures
  An adder (D:2)
  An ooze (D:1)
  3 worms (D:2)
  A giant gecko (D:2)
  3 orcs (D:4)
  8 bats
  6 giant cockroaches
  4 goblins
  3 hobgoblins
  7 kobolds
  2 quokkas (D:2)
  2 ball pythons
  6 rats
47 creatures vanquished.

Notes
Turn   | Place    | Note
--------------------------------------------------------------
     0 | Abyss:1  | root the Hill Orc Abyssal Knight began the quest for the Orb.
     0 | Abyss:1  | Reached XP level 1. HP: 19/19 MP: 2/2
    40 | Abyss:1  | Noticed a neqoxec
    40 | Abyss:1  | Gained mutation: You are dopey. (Int -2) [a neqoxec]
    42 | D:1      | Escaped the Abyss
   217 | D:1      | Reached * piety under Lugonu
   253 | D:1      | Reached XP level 2. HP: 27/27 MP: 3/3
   315 | D:1      | Reached skill level 4 in Fighting
   607 | D:2      | Reached XP level 3. HP: 19/33 MP: 5/5
  1043 | D:2      | Found an iron altar of Okawaru.
  1506 | D:2      | Found a basalt altar of Yredelemnul.
  1534 | D:2      | Reached XP level 4. HP: 26/41 MP: 6/6
  1597 | D:2      | Found a white marble altar of Elyvilon.
  1764 | D:3      | Noticed Sigmund
  1838 | D:4      | Reached ** piety under Lugonu
  1845 | D:4      | HP: 1/61 [iguana (5)]
  1846 | D:4      | Slain by an iguana

Vault maps used:
D:1:      mrwooster_arrival_statue_3, glass_columns_a
D:2:      old_standard_altar, lemuel_doored_altar, okawaru_gym_becter
D:3:      serial_bayou_pond_d, uniq_robin, uniq_terence, uniq_sigmund,
          uniq_purgy
D:4:      kennysheep_mini, lemuel_crystal_altar, grunt_pakellas_sulfur,
          first_bread, serial_park_tiny_1
Abyss:1:  hangedman_decor_lopped

Action                   |  1- 3 |  4- 6 || total
-------------------------+-------+-------++-------
Melee: Hand axe          |   147 |    38 ||   185
Invok: Depart the Abyss  |     1 |       ||     1
  Use: Potion            |       |     1 ||     1
  Eat: Chunk             |     2 |     1 ||     3
